 Dungeon Crawl Stone Soup version 0.29.1-12-g30fa7ad0bf (webtiles) character file.

Game seed: 6174775937329547907

147 112233 the Ducker (level 5, -20/37 HPs)
             Began as an Octopode Fighter on Dec 18, 2022.
             Demolished by an ogre
             ... wielding a +0 giant club
              (37 damage)
             ... on level 4 of the Dungeon.
             The game lasted 00:02:00 (2570 turns).

112233 the Ducker (Octopode Fighter)                Turns: 2570, Time: 00:02:01

Health: -20/37     AC:  1    Str: 13 (15) XL:     5   Next: 29%
Magic:  5/5        EV: 13    Int:  9 (12) God:
Gold:   162        SH:  4    Dex:  9 (12) Spells: 4/4 levels left

rFire   . . .      SeeInvis +   a - +0 trident
rCold   . . .      Faith    .   b - +0 buckler
rNeg    . . .      Spirit   .   (helmet restricted)
rPois   .          Reflect  .   (no amulet)
rElec   .          Harm     .   g - ring of see invisible
rCorr   .          Rampage  .   (no ring)
Will    .....                   (no ring)
Stlth   ++........              (no ring)
HPRegen 0.12/turn               (no ring)
MPRegen 0.09/turn               (no ring)
                                (no ring)
                                (no ring)

@: mighty, about to teleport
A: almost no armour, amphibious, 8 rings, camouflage 1, gelatinous body 1,
(nimble swimmer 1), tentacles
a: no special abilities


You were on level 4 of the Dungeon.
You visited 1 branch of the dungeon, and saw 4 of its levels.

You collected 162 gold pieces.

Inventory:

Hand Weapons
 a - a +0 trident (weapon)
Armour
 b - a +0 buckler (worn)
Jewellery
 g - a ring of see invisible (left tentacle)
Scrolls
 d - 2 scrolls of teleportation
 e - 2 scrolls of magic mapping {unknown}
 h - a scroll of silence {unknown}
 i - a scroll of vulnerability {unknown}
 l - a scroll of enchant armour {unknown}
 n - a scroll of enchant weapon {unknown}
 p - a scroll of poison {unknown}
Potions
 c - 2 potions of haste {unknown}
 f - a potion of degeneration
 j - a potion of brilliance {unknown}
 k - a potion of invisibility {unknown}
 m - a potion of lignification {unknown}
 o - a potion of curing {unknown}


   Skills:
 + Level 3.9 Fighting
 + Level 3.1 Polearms
 + Level 3.9 Dodging
 + Level 3.8 Shields


You had 4 spell levels left.
You didn't know any spells.
Your spell library contained the following spells:

 Spells                   Type           Power      Damage    Failure   Level
 Freeze                   Ice            0%         1d3       45%         1
 Poisonous Vapours        Pois/Air       0%         N/A       61%         2
 Frozen Ramparts          Ice            0%         1d1       83%         3
 Corpse Rot               Necr/Pois/Air  0%         N/A       99%         4
 Hailstorm                Conj/Ice       0%         3d3       99%         4


Dungeon Overview and Level Annotations

Branches:
Dungeon (4/15)
 Temple: D:4-7

Altars:
Fedhas
Hepliaklqana


Innate Abilities, Weirdness & Mutations

You cannot wear most types of armour.
You are amphibious.
You can wear up to eight rings at the same time.
Your skin changes colour to match your surroundings (Stealth+).
Your rubbery body absorbs attacks. (AC +1, EV +1)
((You are camouflaged when in or above water. (Stealth+)))
You have tentacles for arms and can constrict up to eight enemies at once.


Message History

A hound is nearby!
You puncture the hound!
You kill the hound!
No target in view!
A phantom comes into view.
An ogre comes into view. It is wielding a +0 giant club.
Found a mace.
The ogre moves out of view.
A phantom is nearby!
There are monsters nearby!
You closely miss the phantom. The phantom misses you.
You closely miss the phantom. You block the phantom's attack.
An adder comes into view.
It was a potion of degeneration.
There was something very wrong with that liquid.
You feel weakened.
You feel dopey.
You feel clumsy. The phantom hits you.
The phantom blinks!
You blink.
Found a leather armour.
Unknown command.
The phantom attacks as you move away! The phantom hits you.
The phantom attacks as you move away! The phantom barely misses you.
You feel very mighty all of a sudden. The phantom misses you.
The adder hisses angrily.
You hit the phantom. Your squeeze misses the phantom.
The phantom is moderately damaged.
The phantom hits you.
The phantom blinks!
You blink.
The adder closely misses you. The phantom hits you.
As you read the scroll labelled JODO HUDDE, it crumbles to dust.
You feel strangely unstable.
It was a scroll of teleportation.
The adder closely misses you. The ogre misses you.
The phantom closely misses you.
Unknown command.
You puncture the phantom!
The phantom is severely damaged.
The adder misses you. The phantom closely misses you.
The adder barely misses you.
You puncture the phantom!
The phantom is almost destroyed.
The ogre hits you with a +0 giant club!!!
Ouch! That really hurt!
You die...

..... ..... .....
.....##....# .....##
..#..#....##
.......#..##.......#
..........##.......#
........#.#...[..#
............#.##
..##............#
..#.W@S......)....
.....##.....O.......#.#.
..........###..#...##.#
..........#...#..>.# #
...............#.##
#......>..§...#...
#...###.........<.
##.#...#........###..
.......<.....†.......


You could see an ogre, a phantom and an adder.

Vanquished Creatures
  A hound (D:4)
  3 gnolls (D:3)
  An adder (D:2)
  2 dart slugs (D:2)
  2 orcs (D:3)
  7 ball pythons
  5 bats
  7 endoplasms
  5 giant cockroaches
  11 goblins
  5 hobgoblins
  8 kobolds
  2 quokkas (D:1)
  3 frilled lizards
  5 rats
67 creatures vanquished.

Notes
Turn   | Place    | Note
-------+----------+-------------------------------------------
     0 | D:1      | 112233 the Octopode Fighter began the quest for the Orb.
     0 | D:1      | Reached XP level 1. HP: 16/16 MP: 1/1
   137 | D:1      | Reached XP level 2. HP: 21/21 MP: 2/2
   157 | D:1      | Found a faded altar of an unknown god.
   692 | D:2      | Reached XP level 3. HP: 26/26 MP: 3/3
  1384 | D:3      | Reached XP level 4. HP: 31/31 MP: 4/4
  2352 | D:3      | Reached XP level 5. HP: 37/37 MP: 5/5
  2373 | D:3      | Found a blossoming altar of Fedhas.
  2484 | D:3      | Found a hazy altar of Hepliaklqana.
  2557 | D:4      | Noticed a phantom
  2558 | D:4      | Noticed an ogre
  2570 | D:4      | Demolished by an ogre

Illustrated notes

Levels and vault maps discovered:
D:1:      matt_arrival_debris, layout_rooms,
          hellmonk_ecumenical_altar_heavens_door, serial_bayou_pond_d
D:2:      layout_rooms, skrybe_limestone_x, grunt_ministairs_3
D:3:      corexii_shack_village, layout_loops_cross,
          nicolae_hepliaklqana_hippocampus, fedhas_altar_3
D:4:      minmay_chambers_of_twos, layout_cave_pools, minmay_snake_closets

Skill      XL: |  1  2  3  4 |
---------------+-------------+-----
Polearms       | 3 |  3.1
Fighting       | |  3.9
Dodging        | |  3.9
Shields        | |  3.8

Action                   |  1- 3 |  4- 6 || total
-------------------------+-------+-------++-------
Melee: Trident           |    80 |    64 ||   144
       Constrict         |    15 |    13 ||    28
       Tentacles         |     4 |     8 ||    12
       Punch             |     1 |     1 ||     2
  Use: Potion            |       |     3 ||     3
       Scroll            |       |     1 ||     1
 Stab: Sleeping          |     7 |     6 ||    13
Armor: Skin              |     1 |     2 ||     3
Dodge: Dodged            |    41 |    23 ||    64
Block: Buckler           |    18 |    13 ||    31
